 Dungeon Crawl Stone Soup version 0.21-a0-321-g91e3373 (webtiles) character file.

11 namelastname112 the Sneak (level 2, -4/12 HPs)
             Began as a Felid Wanderer on Sept 30, 2017.
             Slain by an ooze (5 damage)
             ... on level 1 of the Dungeon.
             The game lasted 00:00:56 (543 turns).

namelastname112 the Sneak (Felid Wanderer)           Turns: 543, Time: 00:00:56

Health: -4/12      AC:  1    Str:  8    XL:     2   Next: 13%
Magic:  4/4        EV: 16    Int: 12    God:
Gold:   17         SH:  0    Dex: 16    Spells: 3/3 levels left
                                        Lives:  0   Deaths: 0

rFire    . . .     SeeInvis +     - Unarmed
rCold    . . .     Gourm    .   (shield unavailable)
rNeg     . . .     Faith    .   (armour unavailable)
rPois    .         Spirit   .   (helmet unavailable)
rElec    .         Reflect  .   (cloak unavailable)
rCorr    .         Harm     .   (gloves unavailable)
MR       .....                  (boots unavailable)
Stlth    +++.......             (no amulet)
HPRegen  0.04/turn              (no ring)
MPRegen  0.09/turn              (no ring)

@: quick
A: no armour, no weapons or thrown items, stealth, claws 1, fangs 3, see
invisible, carnivore 3, speed 1, shaggy fur 1, slow metabolism 1, sharp paws
a: no special abilities


You were on level 1 of the Dungeon.
You were not hungry.

You visited 1 branch of the dungeon, and saw 1 of its levels.

You collected 17 gold pieces.

Inventory:

Scrolls
 a - a scroll of blinking
 b - 3 scrolls of teleportation
 e - a scroll of random uselessness {unknown}
Potions
 c - a potion of curing
Comestibles
 d - a meat ration
 f - a royal jelly


   Skills:
 + Level 0.4 Fighting
 + Level 1.1 Dodging
 + Level 5.4 Stealth
 + Level 2.3 Unarmed Combat
 - Level 1.0 Spellcasting
   Level 1.2 Charms
   Level 1.5 Translocations
   Level 1.1 Evocations


You had 3 spell levels left.
You didn't know any spells.

Dungeon Overview and Level Annotations

Branches:
Dungeon (1/15)

Altars:


Innate Abilities, Weirdness & Mutations

You cannot wear armour.
You are incapable of wielding weapons or throwing items.
Your paws allow you to move quietly. (Stealth)
You have sharp claws.
You have razor-sharp teeth.
You have supernaturally acute eyesight. (SInv)
You are carnivorous and can eat meat at any time.
You cover ground quickly.
You are covered in fur. (AC +1)
You have a slow metabolism.
Your sharp claws are effective at attacking unaware monsters.


Message History

The ooze is heavily wounded.
The ooze hits you.
An ooze is nearby!
You take 7 damage, and have 5/12 hp.
MASSIVE DAMAGE!!
An ooze is nearby!
An ooze is nearby!
You are too injured to fight recklessly!
You are too injured to fight recklessly!
You scratch the ooze.
The ooze is heavily wounded.
The ooze misses you.
You scratch the ooze.
The ooze is severely wounded.
The ooze hits you.
* * * LOW HITPOINT WARNING * * *
You take 4 damage, and have 1/12 hp.
MASSIVE DAMAGE!!
You scratch the ooze.
The ooze is almost dead.
The ooze hits you.
You die...

...................
..#.#.##............#
.......(.#.?........#
##.##.##.#..........#
#.(##.##..(........##
#.###.####..........#
#(###.# #..........#
)(.##.# #..........#
...#..## #..†...@J..#
.......# #.....?....#
.#.#.#.# ##........##
##.#.#... ##......##
#...####. ########
..... .. .#### . ..
##


You could see an ooze.

Vanquished Creatures
  An ooze (D:1)
  A bat (D:1)
  A giant cockroach (D:1)
  A hobgoblin (D:1)
  2 kobolds (D:1)
  A rat (D:1)
7 creatures vanquished.

Notes
Turn   | Place    | Note
-------+----------+-------------------------------------------
     0 | D:1      | namelastname112 the Felid Wanderer began the quest for the Orb.
     0 | D:1      | namelastname112 set off with: a scroll of blinking, a scroll of teleportation, a potion of curing, a meat ration
     0 | D:1      | Reached XP level 1. HP: 7/7 MP: 3/3
   227 | D:1      | Reached skill level 1 in Dodging
   288 | D:1      | Reached XP level 2. HP: 4/12 MP: 4/4
   543 | D:1      | Slain by an ooze

Vault maps used:
D:1:      dpeg_arrival_connections, serial_glass, glass_columns_a,
          glass_columns_a, minmay_misc_feat_encased

Skill      XL: |  1 |
---------------+----+-----
Dodging        | 1 |  1.1
Fighting       | |  0.4
Stealth        | |  5.4
Unarmed Combat | |  2.3
Spellcasting   | |  1.0
Charms         | |  1.2
Translocations | |  1.5
Evocations     | |  1.1

Action                   || total
-------------------------++-------
Melee: Unarmed           ||    28
       Bite              ||     4
 Stab: Sleeping          ||     2
Armor: Skin              ||     1
Dodge: Dodged            ||    18

Table legend:
 A = Spawn XP
 B = Non-spawn XP
 C = Spawn XP percentage of total XP
 D = Spawn monster count
 E = Non-spawn monster count
 F = Spawn count percentage of total count
 G = Total turns spent on level
                    A         B        C        D         E        F      G
               +---------+---------+-------+---------+---------+-------+---------
         Total |       0 |      16 |   0.0 |       0 |       7 |   0.0 |   543
               +---------+---------+-------+---------+---------+-------+---------
           D:1 |       0 |      16 |   0.0 |       0 |       7 |   0.0 |   543
               +---------+---------+-------+---------+---------+-------+---------
